 Dungeon Crawl Stone Soup version 0.24-a0-459-g225fefd530 (webtiles) character file.

Game seed: 2416108852964247811

4519 Krouwed the Slinger (level 10, 0/69 HPs)
             Began as a Halfling Hunter on June 28, 2019.
             Slain by a killer bee (3 damage)
             ... on level 10 of the Dungeon.
             The game lasted 00:26:15 (11415 turns).

Krouwed the Slinger (Halfling Hunter)              Turns: 11415, Time: 00:26:16

Health: 0/69       AC:  9    Str: 20    XL:     10   Next: 66%
Magic:  0/19       EV: 12    Int:  9    God:
Gold:   347        SH: 12    Dex: 20    Spells: 9/9 levels left

rFire    . . .     SeeInvis .   b - +2 dagger of Howigis {pierce, rPois MP+9 Dex+4}
rCold    . . .     Gourm    .   h - +0 shield
rNeg     . . .     Faith    .   r - +3 ring mail
rPois    +         Spirit   +   (no helmet)
rElec    .         Reflect  .   (no cloak)
rCorr    .         Harm     .   (no gloves)
MR       .....                  (no boots)
Stlth    +.........             f - amulet of guardian spirit
HPRegen  0.21/turn              n - +4 ring of strength
MPRegen  0.16/turn              c - ring of poison resistance

@: lethally poisoned (0 -> -1), very slightly contaminated, lightly drained
A: small, mutation resistance 1
a: no special abilities


You were on level 10 of the Dungeon.
You were very hungry.

You visited 1 branch of the dungeon, and saw 9 of its levels.
You also visited: Sewer.

You collected 347 gold pieces.

Inventory:

Hand Weapons
 a - a +1 hunting sling
 b - the +2 dagger of Howigis (weapon) {pierce, rPois MP+9 Dex+4}
   (You found it on level 5 of the Dungeon)

   It inflicts extra damage upon your enemies.
   It affects your dexterity (+4).
   It protects you from poison.
   It affects your magic capacity (+9).
Missiles
 e - 157 stones
 g - 7 atropa-tipped darts
 j - 38 sling bullets
 m - 17 poisoned darts (quivered)
Armour
 d - a +1 pair of boots
 h - a +0 shield (worn)
 r - a +3 ring mail (worn)
Jewellery
 c - a ring of poison resistance (right hand)
 f - an amulet of guardian spirit (around neck)
 i - an uncursed amulet of harm {unknown}
 n - a +4 ring of strength (left hand)
 v - an uncursed ring of positive energy {unknown}
Wands
 t - a wand of flame (8)
Scrolls
 l - 3 scrolls of remove curse
 o - 3 scrolls of identify
 q - a scroll of random uselessness
 x - a scroll of vulnerability {unknown}
Potions
 w - 2 potions of flight
Comestibles
 s - 9 rations


   Skills:
 + Level 6.3(5.8) Fighting
 + Level 7.1(6.6) Short Blades
 - Level 12.0(11.4) Slings
 + Level 6.3(5.8) Armour
 - Level 3.0(2.5) Dodging
 - Level 1.1(0.6) Stealth
 + Level 7.1(6.6) Shields


You had 9 spell levels left.
You didn't know any spells.
Your spell library was empty.

Dungeon Overview and Level Annotations

Branches:
Dungeon (10/15)              Lair (0/6) D:9
 Temple: D:4-7          Orc: D:9-12

Altars:
Dithmenos
Fedhas
Gozag
Makhleb
Ru
Sif Muna
Trog
Uskayaw
Yredelemnul

Shops:
D:10 :

Annotations:
D:2 1 runed translucent door, exclusion: door, Crazy Yiuf


Innate Abilities, Weirdness & Mutations

You are small and have problems with some larger weapons.
You are somewhat resistant to further mutation.


Message History

You are too injured to fight recklessly!
You are too injured to fight recklessly!
You are too injured to fight recklessly!
You are too injured to fight recklessly!
You are too injured to fight recklessly!
You are too injured to fight recklessly!
You are too injured to fight recklessly!
You are too injured to fight recklessly!
You are too injured to fight recklessly!
You are too injured to fight recklessly!
You are too injured to fight recklessly!
You are too injured to fight recklessly!
You are too injured to fight recklessly!
You feel sick. The killer bee misses you. You block the killer bee's attack.
The worker ant zombie closely misses you.
You see here 2 arrows.
You closely miss the kobold.
The killer bee stings you but does no damage.
The killer bee stings you!
You die...

###.###..........
#................
.................
#..c.##..........
##.....###......
#..........
#..........
####yy(.......
######...y@Z.......
#§#(....KK?.......#
##.......(....(##...
#.......KK.......<##
##............$....
#......(∩........#
#######...........
##.(....#..#
#.......##.


You could see a big kobold, a centaur, 3 killer bees, a worker ant zombie and 3
kobolds.

Vanquished Creatures
  A hippogriff (D:7)
  A spriggan (D:7)
  A wraith (D:7)
  A yak (D:9)
  A hungry ghost (D:7)
  Edmund (D:5)
  2 big kobolds (D:7)
  A porcupine (D:9)
  An orc warrior (D:9)
  2 ice beasts
  3 necrophages (D:7)
  3 phantoms
  An ogre (D:8)
  A centaur (D:8)
  A crocodile (D:9)
  An elf zombie (D:7)
  4 bullfrogs
  10 killer bees
  An electric eel (D:9)
  9 wights
  A howler monkey (D:6)
  9 crimson imps
  A human zombie (D:7)
  A bullfrog zombie (D:5)
  3 quasits
  2 jellies
  An orc priest (D:5)
  4 hounds
  A centaur skeleton (D:8)
  2 orc wizards
  An iguana (D:7)
  2 worker ants
  A killer bee zombie (D:5)
  An ogre zombie (D:7)
  A hound zombie (D:9)
  2 hound skeletons (D:6)
  A mummy (D:7)
  8 adders
  A shadow imp (D:5)
  2 oozes
  An adder skeleton (D:7)
  3 worms (D:2)
  4 dart slugs
  12 leopard geckos
  13 orcs
  10 giant cockroaches
  5 goblins
  8 hobgoblins
  6 jackals
  3 quokkas
  2 ball pythons (D:1)
  14 bats
  6 frilled lizards
  A jackal skeleton (D:9)
  10 kobolds
  An orc zombie (D:7)
  A quokka skeleton (D:7)
  6 rats
  A fungus (D:9)
198 creatures vanquished.

Vanquished Creatures (others)
  A wizard (D:7)
  An orc warrior (D:7)
  A plant (D:9)
3 creatures vanquished.

Grand Total: 201 creatures vanquished

Notes
Turn   | Place    | Note
-------+----------+-------------------------------------------
     0 | D:1      | Krouwed the Halfling Hunter began the quest for the Orb.
     0 | D:1      | Reached XP level 1. HP: 14/14 MP: 1/1
     3 | D:1      | Noticed an electric eel
     3 | D:1      | Noticed an electric eel
    61 | D:1      | Reached skill level 6 in Slings
    69 | D:1      | Reached XP level 2. HP: 19/19 MP: 2/2
   254 | D:1      | Reached XP level 3. HP: 24/24 MP: 3/3
   509 | D:2      | Reached skill level 1 in Shields
   509 | D:2      | Reached XP level 4. HP: 30/30 MP: 4/4
   572 | D:2      | Noticed a phantom
   590 | D:2      | Killed a phantom
   590 | D:2      | Reached skill level 7 in Slings
   590 | D:2      | Reached XP level 5. HP: 21/36 MP: 5/5
   955 | D:2      | Found a faded altar of an unknown god.
  1407 | D:2      | Found a runed translucent door.
  1408 | D:2      | Noticed Crazy Yiuf
  1671 | D:3      | You fall into a shaft and drop 2 floors!
  1671 | D:5      | Entered Level 5 of the Dungeon
  1683 | D:5      | Reached XP level 6. HP: 37/42 MP: 6/6
  1718 | D:5      | Reached skill level 1 in Short Blades
  1718 | D:5      | Reached skill level 8 in Slings
  2055 | D:5      | Found a glowing drain.
  2080 | Sewer    | Entered a sewer
  2085 | Sewer    | Reached XP level 7. HP: 43/46 MP: 7/7
  2732 | D:5      | Reached skill level 1 in Armour
  2943 | D:5      | Found a blossoming altar of Fedhas.
  3426 | D:5      | Noticed Edmund
  3799 | D:5      | Killed Edmund
  3799 | D:5      | Reached skill level 9 in Slings
  4222 | D:6      | Reached XP level 8. HP: 41/54 MP: 5/8
  5528 | D:5      | Reached skill level 10 in Slings
  5554 | D:5      | Got a transparent dagger
  5555 | D:5      | Identified the +2 dagger of Howigis {pierce, rPois MP+9
                  | Dex+4} (You found it on level 5 of the Dungeon)
  6350 | D:7      | Found a bloodstained altar of Trog.
  6409 | D:7      | Noticed a wizard
  6411 | D:7      | Killed a wizard
  6465 | D:7      | Found a deep blue altar of Sif Muna.
  6465 | D:7      | Found a sacrificial altar of Ru.
  6481 | D:7      | Found a burning altar of Makhleb.
  6742 | D:8      | Noticed a two-headed ogre
  6757 | D:7      | Reached XP level 9. HP: 18/59 MP: 8/9
  7479 | D:7      | Reached skill level 11 in Slings
  7643 | D:7      | Reached skill level 5 in Shields
  8289 | D:8      | Reached skill level 5 in Fighting
  8289 | D:8      | Reached skill level 5 in Short Blades
  8435 | D:8      | Noticed a hippogriff
  8939 | D:7      | Reached skill level 12 in Slings
  9528 | D:7      | Found a basalt altar of Yredelemnul.
  9554 | D:7      | Reached XP level 10. HP: 65/66 MP: 10/10
  9593 | D:7      | Reached skill level 5 in Armour
 10460 | D:8      | Found an opulent altar of Gozag.
 10835 | D:9      | Found a staircase to the Lair.
 11177 | D:9      | Found a shadowy altar of Dithmenos.
 11300 | D:9      | Found a hide-covered altar of Uskayaw.
 11300 | D:9      | Found a burning altar of Makhleb.
 11302 | D:9      | Noticed a fire giant
 11302 | D:9      | Noticed a six-headed hydra
 11306 | D:9      | Noticed a fire dragon
 11336 | D:10     | Entered Level 10 of the Dungeon
 11400 | D:10     | Found Famatifi's Book Emporium.
 11414 | D:10     | HP: 3/69 [poisoned by a kobold]
 11415 | D:10     | Slain by a killer bee

Levels and vault maps discovered:
D:1:      arrival_aquarium_b, layout_rooms
D:2:      layout_loops_ring, chequers_ecumenical_altar_grove, hex_medium,
          uniq_crazy_yiuf_cottage
D:3:      layout_basic, nemelex_xobeh_ov_fountains_minmay,
          nicolae_overflow_hidden_temple, hellmonk_ghost_happy_afterlife,
          minmay_between
D:5:      layout_basic, first_ration, gup_sewer_entry_pipe, fedhas_altar_3,
          uniq_edmund
D:6:      layout_gridville
D:7:      layout_loops_ring, lemuel_mausoleum_altar_yredelemnul,
          gammafunk_temple_overflow_forgotten, the_bakery, trog_wizard
D:8:      layout_rooms, basic_altar
D:9:      layout_basic, nicolae_dithmenos_the_darkroom,
          grunt_lair_entry_orc_guard_hut, minmay_misc_feat_square,
          jmf_multi_god_temple
D:10:     layout_cave_pools, hiddenorc1_lemuel, serial_shops, shop,
          minmay_misc_feat_roman

Skill      XL: |  1  2  3  4  5  6  7  8  9 10 |
---------------+-------------------------------+-----
Slings         | 6 7 8 9 10 12 | 12.0
Fighting       | 2 3 4 5 6 |  6.3
Dodging        | 3 |  3.0
Shields        | 1 2 3 4 5 7 |  7.1
Short Blades   | 1 2 4 5 7 |  7.1
Armour         | 2 3 4 6 |  6.3
Stealth        | |  1.1

Action                   |  1- 3 |  4- 6 |  7- 9 | 10-12 || total
-------------------------+-------+-------+-------+-------++-------
Melee: Rapier            |       |       |   274 |       ||   274
       Dagger            |       |       |   597 |   425 ||  1022
 Fire: Hunting sling     |    63 |   238 |   130 |       ||   431
Throw: Dart              |       |       |    37 |    14 ||    51
       Stone             |       |       |     7 |       ||     7
Evoke: Wand              |       |       |     5 |       ||     5
  Use: Scroll            |       |       |    14 |     6 ||    20
       Potion            |       |       |    15 |       ||    15
 Stab: Invisible         |       |       |     2 |       ||     2
  Eat: Ration            |       |     1 |     4 |       ||     5
       Chunk             |       |       |    16 |     5 ||    21
Armor: Leather armour    |     4 |     9 |       |       ||    13
       Chain mail        |       |    18 |   203 |       ||   221
       Ring mail         |       |       |   221 |    79 ||   300
       Skin              |       |       |     3 |       ||     3
Dodge: Dodged            |     6 |    36 |   335 |   153 ||   530
Block: Shield            |     1 |    30 |   422 |   208 ||   661

Table legend:
 A = Non-vault XP
 B = Vault XP
 C = Vault XP percentage of total XP
 D = Non-vault monster count
 E = Vault monster count
 F = Vault count percentage of total count
                 A         B        C        D         E       F
            +---------+---------+-------+---------+---------+-------
      Total |    4471 |    1985 |  30.7 |     154 |      44 |  22.2
            +---------+---------+-------+---------+---------+-------
        D:1 |      44 |       0 |   0.0 |      23 |       0 |   0.0
        D:2 |     214 |       0 |   0.0 |      31 |       0 |   0.0
        D:3 |       7 |       1 |  12.5 |       4 |       1 |  20.0
        D:5 |     580 |     173 |  23.0 |      18 |       7 |  28.0
        D:6 |     569 |       0 |   0.0 |      19 |       0 |   0.0
        D:7 |    1968 |    1156 |  37.0 |      36 |      13 |  26.5
        D:8 |     805 |       0 |   0.0 |      15 |       0 |   0.0
        D:9 |     211 |     617 |  74.5 |       5 |       5 |  50.0
       D:10 |      73 |       0 |   0.0 |       3 |       0 |   0.0
      Sewer |       0 |      38 | 100.0 |       0 |      18 | 100.0
            +---------+---------+-------+---------+---------+-------
